Map: 카이로스 정션 - 래더

Players

herO - Winner!

  • Race: Protoss Protoss
  • Spawn Location: 11:00

Stephano

  • Race: Zerg Zerg
  • Spawn Location: 5:00

Event: IEM Season 13: Katowice (2019)

VOD

Have the link to the VOD?

Description

Time

  • Played on: Feb. 25, 2019, 12:13 p.m.
  • Length: 15:02

All games in this series

Show
View Real Time Build Order
Export as new Build Order

herO Protoss - Winner!

Build Orders: 1 Gate Expand, Oracle Opening, Phoenix Opening, Archon Immortal 

Get SALT Encoding   

  12  0:00  Probe  
  13  0:12  Probe  
  14  0:17  Pylon  
  14  0:24  Probe  
  15  0:32  Probe  
  15  0:39  Gateway  
  15  0:40  Probe  
  16  0:48  Assimilator  
  17  0:51  Probe  
  18  1:03  Probe  
  19  1:15  Probe  
  20  1:26  Nexus  
  20  1:36  Cybernetics Core  
  20  1:39  Probe  
  21  1:45  Assimilator  
  21  1:51  Probe  
  22  1:55  Pylon  
  22  2:03  Probe  
  23  2:13  Adept  
  23  2:14  Probe  
  25  2:16  Stargate  
  26  2:22  Probe  
  26  2:24  Warp Gate  
  27  2:31  Probe  
  27  2:35  Probe  
  28  2:39  Probe  
  28  2:43  Probe, Stalker  
  32  2:47  Probe  
  33  2:53  Probe  
  33  2:54  Phoenix  
  35  2:59  Probe  
  35  3:05  Probe  
  39  3:10  Pylon  
  39  3:13  Probe  
  39  3:16  Oracle  
  39  3:17  Probe  
  41  3:23  Assimilator  
  41  3:25  Assimilator  
  44  3:27  Probe  
  44  3:29  Probe  
  46  3:35  Gateway  
  46  3:39  Probe  
  47  3:41  Probe  
  47  3:43  Twilight Council  
  48  3:50  Gateway  
  48  3:51  Resonating Glaives  
  48  3:54  Probe  
  48  3:55  Probe  
  50  3:58  Gateway  
  50  4:01  Pylon  
  50  4:06  Probe  
  50  4:07  Probe  
  52  4:13  Adept  
  52  4:15  Pylon  
  54  4:19  Probe x2  
  56  4:33  Pylon  
  56  4:34  Adept x2  
  60  4:48  Robotics Facility  
  60  4:49  Adept  
  60  4:50  Forge  
  62  4:53  Adept  
  62  4:55  Adept x2  
  62  4:57  Pylon  
  68  5:11  Nexus  
  68  5:16  Probe x2  
  68  5:19  Pylon  
  70  5:25  Warp Prism  
  70  5:30  Probe  
  70  5:31  Probe  
  70  5:35  Adept x4  
  78  5:39  Protoss Ground Weapons Level 1  
  80  5:48  Charge  
  80  5:54  Observer  
  80  5:57  Gateway, Templar Archives  
  80  6:00  Pylon  
  80  6:02  Adept x2  
  85  6:09  Gateway  
  85  6:12  Shield Battery  
  85  6:13  Immortal  
  85  6:17  Gateway  
  89  6:28  Gateway  
  89  6:32  Probe x2  
  91  6:33  Probe  
  91  6:36  High Templar x3  
  91  6:38  High Templar  
  100  6:44  Archon  
  100  6:45  Archon  
  98  6:49  Immortal  
  100  7:01  Zealot  
  102  7:03  Pylon x2  
  102  7:09  Sentry  
  102  7:10  Sentry, Zealot x2  
  106  7:15  Zealot x2  
  106  7:21  Protoss Ground Weapons Level 2  
  110  7:29  Sentry x2  
  114  7:30  Zealot  
  114  7:33  Zealot x3  
  114  7:37  Sentry, Zealot  
  124  7:38  Probe x3  
  129  7:53  Pylon  
  129  7:54  Pylon  
  121  8:04  Immortal  
  111  8:07  Zealot x8  
  94  8:28  Zealot x5  
  94  8:29  Zealot  
  94  8:33  Zealot  
  94  8:34  Immortal  
  76  8:53  Assimilator  
  76  8:54  Assimilator  
  74  8:56  Probe x3  
  74  8:57  High Templar x3  
  74  9:00  High Templar  
  74  9:01  Zealot  
  87  9:16  Immortal, Archon  
  85  9:17  Archon  
  85  9:19  Probe  
  85  9:20  Probe x2  
  88  9:28  Sentry, Zealot x3  
  100  9:38  High Templar x2  
  104  9:40  Zealot x2  
  108  9:49  Archon  
  108  9:52  Protoss Ground Weapons Level 3  
  108  10:00  Immortal  
  108  10:02  Sentry  
  108  10:03  Sentry x2, Zealot x3  
  120  10:12  Nexus  
  124  10:16  Zealot x2  
  128  10:30  Immortal  
  128  10:36  Probe x3  
  128  10:38  Pylon  
  135  10:45  Zealot x2, High Templar x2  
  141  11:01  Immortal  
  124  11:09  Probe x3  
  119  11:12  Assimilator  
  119  11:14  Assimilator  
  119  11:15  Zealot x2, High Templar x2  
  119  11:16  Zealot  
  125  11:21  Archon  
  125  11:22  Zealot x3  
  129  11:37  Immortal  
  129  11:38  Zealot, High Templar x2  
  131  11:42  Archon  
  131  11:43  Zealot  
  131  11:45  Zealot x2  
  141  11:55  High Templar x2  
  141  11:57  Photon Cannon  
  141  11:59  Pylon  
  145  12:05  Zealot x2, High Templar x2  
  145  12:06  Archon  
  145  12:07  Immortal  
  145  12:08  Archon  
  147  12:10  Zealot  
  149  12:16  Zealot  
  155  12:25  Pylon  
  140  12:37  Immortal  
  140  12:39  Archon  
  140  12:41  Zealot x4  
  140  12:42  Zealot x4  
  139  13:02  High Templar x4  
  139  13:03  High Templar  
  139  13:04  Zealot  
  139  13:05  Zealot, High Templar  
  153  13:06  Warp Prism  
  153  13:11  Archon x2  
  153  13:12  Archon  
  155  13:18  Gateway  
  155  13:19  Gateway  
  133  13:32  Zealot x2  
  137  13:35  Zealot x3  
  139  13:59  High Templar x2  
  139  14:00  Zealot x3, High Templar x2  
  147  14:04  Archon  
  147  14:05  Archon  
  123  14:23  Immortal  
  123  14:30  High Templar x2  
  123  14:31  Zealot  
  127  14:33  Zealot  
  127  14:34  Zealot x3  
  127  14:35  Archon  
  127  14:36  Zealot x2  
  115  15:01  High Templar  
Show
View Real Time Build Order
Export as new Build Order

Stephano Zerg 

Build Orders: Hatch First, Swarm Host 

Get SALT Encoding   

  12  0:01  Drone  
  13  0:12  Overlord  
  13  0:16  Drone  
  14  0:30  Drone x2  
  16  0:50  Drone  
  16  0:54  Drone  
  18  1:04  Hatchery  
  18  1:05  Drone  
  18  1:06  Extractor  
  17  1:19  Drone, Spawning Pool  
  17  1:22  Drone  
  18  1:27  Drone  
  19  1:38  Overlord  
  19  1:49  Drone  
  20  1:59  Drone  
  21  2:05  Queen  
  23  2:11  Zergling x2  
  24  2:17  Queen  
  24  2:18  Drone  
  24  2:21  Drone  
  24  2:22  Metabolic Boost  
  28  2:27  Drone  
  29  2:34  Drone  
  30  2:44  Drone x2, Hatchery  
  31  2:47  Queen  
  33  2:53  Overlord  
  33  2:56  Drone  
  34  2:59  Drone  
  34  3:04  Drone  
  36  3:16  Drone x2  
  36  3:17  Drone x3  
  41  3:21  Overlord  
  41  3:23  Queen  
  43  3:27  Overlord  
  43  3:28  Drone  
  44  3:36  Spore Crawler  
  44  3:41  Drone  
  44  3:45  Queen  
  44  3:46  Drone x2  
  44  3:47  Spore Crawler  
  47  3:49  Drone  
  47  3:51  Drone  
  49  3:57  Drone x6  
  55  4:02  Lair  
  55  4:06  Zergling x2, Spore Crawler  
  55  4:09  Drone x2  
  57  4:12  Drone  
  58  4:19  Extractor  
  58  4:20  Extractor  
  58  4:21  Zergling x4, Roach Warren  
  58  4:23  Zergling x2  
  58  4:46  Overlord x2  
  58  4:49  Evolution Chamber  
  57  4:53  Overlord, Drone  
  58  5:03  Glial Reconstitution  
  58  5:04  Drone x3  
  58  5:05  Drone  
  58  5:06  Drone x2  
  64  5:07  Roach x3  
  64  5:08  Roach x2  
  64  5:10  Overlord  
  64  5:13  Roach x4  
  81  5:17  Overlord  
  81  5:19  Zerg Missile Weapons Level 1  
  81  5:31  Drone  
  81  5:33  Drone x6  
  81  5:34  Drone  
  88  5:39  Drone x2  
  90  5:44  Extractor  
  90  5:45  Extractor  
  90  5:47  Overlord  
  88  5:51  Roach x5  
  88  5:53  Overlord  
  96  6:01  Overlord  
  96  6:04  Overlord  
  96  6:06  Roach  
  96  6:07  Roach x3  
  96  6:08  Ravager  
  105  6:12  Roach  
  105  6:13  Roach x3  
  113  6:21  Roach x4  
  113  6:25  Roach x3  
  127  6:34  Drone x3  
  130  6:42  Extractor  
  130  6:43  Infestation Pit  
  128  6:47  Hatchery  
  128  6:50  Drone x3  
  130  7:00  Overlord  
  128  7:07  Overlord  
  128  7:09  Overlord  
  128  7:11  Overlord  
  128  7:18  Drone x3  
  128  7:19  Drone  
  132  7:24  Overlord  
  132  7:28  Drone x2  
  132  7:29  Drone x4  
  138  7:34  Overlord  
  138  7:35  Zerg Missile Weapons Level 2  
  138  7:38  Roach x2  
  138  7:39  Pneumatized Carapace  
  138  7:40  Overlord x2  
  138  7:41  Extractor  
  138  7:43  Overseer  
  141  7:47  Roach x6  
  141  7:48  Ravager x2  
  141  7:49  Ravager  
  154  8:02  Roach x8  
  158  8:05  Roach x2  
  158  8:09  Roach x2  
  143  8:14  Roach x2  
  143  8:19  Roach x2  
  135  8:24  Roach x2  
  132  8:31  Roach x3  
  124  8:34  Roach  
  124  8:36  Roach  
  124  8:40  Roach x2  
  122  8:42  Roach  
  122  8:45  Drone x3  
  115  8:50  Drone x3  
  115  8:55  Drone x3  
  121  8:59  Drone x4  
  121  9:00  Drone  
  126  9:08  Drone x5  
  130  9:21  Swarm Host x5  
  145  9:29  Swarm Host x3  
  154  9:35  Queen  
  153  9:48  Swarm Host  
  153  9:49  Swarm Host x4  
  163  9:58  Roach x4  
  163  9:59  Roach x2  
  173  10:04  Roach x2  
  177  10:09  Swarm Host  
  177  10:11  Roach  
  177  10:12  Roach  
  174  10:33  Drone x2  
  174  10:34  Drone x3  
  179  10:37  Nydus Network  
  179  10:40  Drone x5  
  183  10:45  Swarm Host  
  183  10:46  Swarm Host x2  
  190  11:02  Roach x7  
  186  11:14  Nydus Canal  
  186  11:19  Drone x3  
  186  11:22  Hive  
  186  11:24  Spire, Zerg Melee Weapons Level 1  
  188  11:26  Evolution Chamber  
  188  11:29  Hatchery  
  176  11:36  Extractor  
  176  11:37  Roach x7  
  168  11:43  Ravager x3  
  171  11:53  Nydus Canal  
  171  11:54  Ravager  
  171  11:55  Ravager  
  171  11:57  Spine Crawler, Drone x2  
  171  11:58  Spine Crawler x2, Drone x2  
  174  12:13  Swarm Host  
  174  12:14  Swarm Host x4  
  187  12:40  Nydus Canal  
  187  12:48  Roach x3  
  172  12:58  Roach x5  
  172  13:01  Greater Spire  
  170  13:22  Roach x10  
  190  13:31  Overlord x4  
  189  13:34  Overlord  
  189  13:36  Roach Warren  
  172  13:50  Zergling x26  
  164  14:04  Corruptor  
  164  14:16  Hatchery  
  127  14:31  Roach Warren  

Tags
 
Add a new tag
Caveats
  • Supply blocks, unpowered buildings, or Contaminate may cause inaccurate times.
  • Supply counts are checked every 10 seconds.